MID
ATLANTA (MID) BRAVES @ KANE COUNTY COUGARS
07/18/2048
 
TOP OF THE 1ST
Atlanta (MID) Braves batting - Pitching for Kane County Cougars : RHP Jai-guo Xia
Pitching: RHP Jai-guo Xia
Batting: RHB Badr al Din Ridha 0-0: Ball
1-0: Ball
2-0: Ball
3-0: Base on Balls
Batting: RHB Nick Holsinger 0-0: Ball
1-0: Called Strike
Badr al Din Ridha is caught stealing 2nd base 2-4
1-1: Ball
2-1: Ground out 6-3 (Groundball, 6M, EV 98.8 MPH)
Batting: SHB Richello Badua 0-0: Ball
1-0: Fly out, F8 (Flyball, 8RD, EV 105.6 MPH)
Top of the 1st over - 0 runs, 0 hits, 0 errors, 0 left on base; Atlanta (MID) 0 - Kane County 0
BOTTOM OF THE 1ST
Kane County Cougars batting - Pitching for Atlanta (MID) Braves : LHP Aaron Manees
Pitching: LHP Aaron Manees
Batting: RHB Francisco Gutierrez 0-0: Ball
1-0: Called Strike
1-1: Foul Ball, location: 2F
1-2: Ball
2-2: Foul Ball, location: 2F
2-2: Reached on error, E6 (Groundball, 6, EV 87.5 MPH)
Batting: SHB Blaine Peters 0-0: Ball
1-0: Foul Ball, location: 2F
1-1: Fielders Choice at 2nd, 4-6 (Groundball, 4M, EV 85.6 MPH)
Batting: RHB Longfellow Wetzler 0-0: Ball
1-0: Called Strike
1-1: Ball
2-1: SINGLE (Groundball, 56D, EV 94.4 MPH)
Blaine Peters to second
Batting: RHB Chad Mendoza 0-0: Called Strike
Blaine Peters steals 3rd base
Longfellow Wetzler to second
0-1: Ball
1-1: Ball
2-1: Swinging Strike
2-2: SINGLE (Groundball, 4MD, EV 103.8 MPH)
Blaine Peters scores
Longfellow Wetzler to third
Runner from 3rd tries for Home, SAFE, throw by CF to home
Batting: RHB D.J. Cooke 0-0: Ball
1-0: Called Strike
1-1: Ball
2-1: SINGLE (Groundball, 56D, EV 95.0 MPH)
Chad Mendoza to second
Batting: RHB Dustin Legault 0-0: Foul Ball, location: 2F
0-1: Reached on error, E4 (Groundball, 4, EV 89.4 MPH)
Chad Mendoza to third
D.J. Cooke to second
Batting: RHB Sergio Manzanero 0-0: DOUBLE (Groundball, 5L, EV 101.9 MPH)
Chad Mendoza scores
D.J. Cooke scores
Dustin Legault to third
Batting: RHB Gary Hills 0-0: Ball
1-0: Foul Ball, location: 2F
1-1: Foul Ball, location: 2F
1-2: Ground out 6-3 (Groundball, 6, EV 88.1 MPH)
Dustin Legault scores
Batting: LHB Jeff Trapp 0-0: Called Strike
0-1: Ball
1-1: Ball
2-1: Swinging Strike
2-2: Foul Ball, location: 2F
2-2: Ground out 1-3 (Groundball, 23, EV 73.1 MPH)
Bottom of the 1st over - 5 runs, 4 hits, 2 errors, 1 left on base; Atlanta (MID) 0 - Kane County 5
TOP OF THE 2ND
Atlanta (MID) Braves batting - Pitching for Kane County Cougars : RHP Jai-guo Xia
Batting: LHB Oke Monti 0-0: Foul Ball, location: 2F
0-1: SINGLE (Line Drive, 6D, EV 97.5 MPH)
Batting: LHB Ryan Murdock 0-0: SINGLE (Flyball, 56D, EV 91.9 MPH)
Oke Monti to second
Batting: RHB Armando Moz 0-0: Called Strike
0-1: Ball
1-1: Called Strike
1-2: Foul Ball, location: 2F
1-2: Ball
2-2: Foul Ball, location: 2F
2-2: Reached on error, E5 (Groundball, 56S, EV 91.2 MPH)
Oke Monti to third
Ryan Murdock to second
Batting: RHB Gerard Michel 0-0: Fielders Choice at 2nd, 6-4 (Groundball, 56D, EV 109.4 MPH)
Oke Monti scores
Ryan Murdock to third
Batting: RHB Phil Holman 0-0: Ball
1-0: Called Strike
1-1: Foul Ball, location: 2F
1-2: Foul Ball, location: 2F
1-2: Strikes out swinging
Batting: LHB Malik Boulay 0-0: Ball
1-0: Swinging Strike
1-1: Ball
2-1: SINGLE (Groundball, 4MD, EV 98.8 MPH)
Ryan Murdock scores
Gerard Michel to second
Batting: RHB Badr al Din Ridha 0-0: Swinging Strike
0-1: Fielders Choice at 2nd, 6-4 (Groundball, 6, EV 96.9 MPH)
Top of the 2nd over - 2 runs, 3 hits, 1 error, 2 left on base; Atlanta (MID) 2 - Kane County 5
BOTTOM OF THE 2ND
Kane County Cougars batting - Pitching for Atlanta (MID) Braves : LHP Aaron Manees
Batting: RHB Francisco Gutierrez 0-0: Swinging Strike
0-1: Ball
1-1: Ball
2-1: Ground out U3 (Groundball, 34, EV 96.2 MPH)
Batting: SHB Blaine Peters 0-0: Called Strike
0-1: Ball
1-1: Ball
2-1: Called Strike
2-2: Ball
3-2: Foul Ball, location: 2F
3-2: Foul Ball, location: 2F
3-2: Base on Balls
Batting: RHB Longfellow Wetzler 0-0: Swinging Strike
0-1: Ball
1-1: Ball
2-1: Foul Ball, location: 2F
2-2: Fly out, F7 (Flyball, 7S, EV 83.8 MPH)
Batting: RHB Chad Mendoza 0-0: Called Strike
Blaine Peters steals 2nd base
0-1: Called Strike
0-2: Foul Ball, location: 2F
0-2: SINGLE (Groundball, 4M, EV 105.0 MPH) (infield hit)
Blaine Peters to third
Batting: RHB D.J. Cooke 0-0: SINGLE (Line Drive, 34, EV 107.5 MPH)
Blaine Peters scores
Chad Mendoza to second
Batting: RHB Dustin Legault 0-0: Called Strike
0-1: Ball
1-1: SINGLE (Groundball, 56S, EV 67.5 MPH) (infield hit)
Chad Mendoza to third
D.J. Cooke to second
Batting: RHB Sergio Manzanero 0-0: Foul Ball, location: 2F
0-1: Called Strike
0-2: Foul Ball, location: 2F
0-2: Ball
Wild Pitch!
Chad Mendoza scores
D.J. Cooke to third
Dustin Legault to second
1-2: Ball
2-2: Foul Ball, location: 2F
2-2: Ball
3-2: 3-RUN HOME RUN (Flyball, 78XD, EV 102.5 MPH), Distance : 395 ft
Pitching: RHP Ioakim Mozgo
Batting: RHB Gary Hills 0-0: Called Strike
0-1: Ground out 6-3 (Groundball, 6, EV 81.9 MPH)
Bottom of the 2nd over - 5 runs, 4 hits, 0 errors, 0 left on base; Atlanta (MID) 2 - Kane County 10
TOP OF THE 3RD
Atlanta (MID) Braves batting - Pitching for Kane County Cougars : RHP Jai-guo Xia
Batting: RHB Nick Holsinger 0-0: Foul Ball, location: 2F
0-1: Ball
1-1: Called Strike
1-2: Ball
2-2: Foul Ball, location: 2F
2-2: Foul Ball, location: 2F
2-2: Foul Ball, location: 2F
2-2: Strikes out swinging
Batting: SHB Richello Badua 0-0: Fly out, F8 (Flyball, 8RD, EV 93.8 MPH)
Batting: LHB Oke Monti 0-0: Ball
1-0: Foul Ball, location: 2F
1-1: Ground out U3 (Groundball, 13, EV 92.5 MPH)
Top of the 3rd over - 0 runs, 0 hits, 0 errors, 0 left on base; Atlanta (MID) 2 - Kane County 10
BOTTOM OF THE 3RD
Kane County Cougars batting - Pitching for Atlanta (MID) Braves : RHP Ioakim Mozgo
Batting: LHB Jeff Trapp 0-0: Foul Ball, location: 2F
0-1: Swinging Strike
0-2: Foul Ball, location: 2F
0-2: Ball
1-2: SINGLE (Groundball, 4MS, EV 65.6 MPH) (infield hit)
Batting: RHB Francisco Gutierrez 0-0: Ball
1-0: Swinging Strike
1-1: Ball
2-1: Fly out, F3 (Line Drive, 3, EV 68.1 MPH)
Lined into DP, U3 (Line Drive, 3, EV 66.9 MPH)
Batting: SHB Blaine Peters 0-0: Ball
1-0: Fly out, F8 (Line Drive, 8LM, EV 91.9 MPH)
Bottom of the 3rd over - 0 runs, 1 hit, 0 errors, 0 left on base; Atlanta (MID) 2 - Kane County 10
TOP OF THE 4TH
Atlanta (MID) Braves batting - Pitching for Kane County Cougars : RHP Jai-guo Xia
Batting: LHB Ryan Murdock 0-0: Called Strike
0-1: Ball
1-1: Ball
2-1: Called Strike
2-2: DOUBLE (Line Drive, 7LS, EV 101.2 MPH)
Batting: RHB Armando Moz 0-0: Ground out 5-3 (Groundball, 56, EV 85.0 MPH)
Batting: RHB Gerard Michel 0-0: Called Strike
0-1: Foul Ball, location: 2F
0-2: Strikes out swinging
Batting: RHB Phil Holman 0-0: Ball
1-0: Swinging Strike
1-1: Ball
2-1: Ball
3-1: Foul Ball, location: 2F
3-2: Strikes out looking
Top of the 4th over - 0 runs, 1 hit, 0 errors, 1 left on base; Atlanta (MID) 2 - Kane County 10
BOTTOM OF THE 4TH
Kane County Cougars batting - Pitching for Atlanta (MID) Braves : RHP Ioakim Mozgo
Batting: RHB Longfellow Wetzler 0-0: Called Strike
0-1: Ball
1-1: Foul Ball, location: 2F
1-2: Strikes out swinging
Batting: RHB Chad Mendoza 0-0: SINGLE (Groundball, 56D, EV 106.9 MPH)
Batting: RHB D.J. Cooke 0-0: Ball
1-0: Foul Ball, location: 2F
1-1: Called Strike
1-2: Strikes out swinging
Batting: RHB Dustin Legault 0-0: Ball
1-0: Called Strike
1-1: Foul Ball, location: 2F
1-2: Strikes out looking
Bottom of the 4th over - 0 runs, 1 hit, 0 errors, 1 left on base; Atlanta (MID) 2 - Kane County 10
TOP OF THE 5TH
Atlanta (MID) Braves batting - Pitching for Kane County Cougars : RHP Jai-guo Xia
Batting: LHB Malik Boulay 0-0: Ball
1-0: Ball
2-0: Ground out 1-3 (Groundball, 34S, EV 63.8 MPH)
Batting: RHB Badr al Din Ridha 0-0: Ball
1-0: Foul Ball, location: 2F
1-1: Ground out 4-3 (Groundball, 4MS, EV 87.5 MPH)
Batting: RHB Nick Holsinger 0-0: Ball
1-0: Ball
2-0: Swinging Strike
2-1: Called Strike
2-2: Ball
3-2: Foul Ball, location: 2F
3-2: Foul Ball, location: 2F
3-2: Strikes out swinging
Top of the 5th over - 0 runs, 0 hits, 0 errors, 0 left on base; Atlanta (MID) 2 - Kane County 10
BOTTOM OF THE 5TH
Kane County Cougars batting - Pitching for Atlanta (MID) Braves : RHP Ioakim Mozgo
Batting: RHB Sergio Manzanero 0-0: Swinging Strike
0-1: SINGLE (Groundball, 25, EV 62.5 MPH) (infield hit)
Batting: RHB Gary Hills 0-0: Ball
1-0: Swinging Strike
1-1: Ball
2-1: Called Strike
2-2: Strikes out looking
Batting: LHB Jeff Trapp 0-0: Ball
1-0: Foul Ball, location: 2F
1-1: Ball
2-1: Ball
3-1: Foul Ball, location: 2F
3-2: Base on Balls
Sergio Manzanero to second
Batting: RHB Francisco Gutierrez 0-0: Fielders Choice at 2nd, 1-6 (Groundball, 13S, EV 67.5 MPH)
Sergio Manzanero to third
Batting: SHB Blaine Peters 0-0: Called Strike
0-1: Ground out 1-3 (Groundball, 13, EV 66.9 MPH)
Bottom of the 5th over - 0 runs, 1 hit, 0 errors, 2 left on base; Atlanta (MID) 2 - Kane County 10
TOP OF THE 6TH
Atlanta (MID) Braves batting - Pitching for Kane County Cougars : RHP Jai-guo Xia
Batting: SHB Richello Badua 0-0: Called Strike
0-1: Called Strike
0-2: Fly out, F9 (Flyball, 9D, EV 85.0 MPH)
Batting: LHB Oke Monti 0-0: Foul Ball, location: 2F
0-1: Ball
1-1: Swinging Strike
1-2: Strikes out swinging
Batting: LHB Ryan Murdock 0-0: Foul Ball, location: 2F
0-1: Called Strike
0-2: Ball
1-2: Strikes out looking
Top of the 6th over - 0 runs, 0 hits, 0 errors, 0 left on base; Atlanta (MID) 2 - Kane County 10
BOTTOM OF THE 6TH
Kane County Cougars batting - Pitching for Atlanta (MID) Braves : RHP Ioakim Mozgo
Batting: RHB Longfellow Wetzler 0-0: Foul Ball, location: 2F
0-1: Ball
1-1: Fly out, F7 (Flyball, 78S, EV 90.6 MPH)
Batting: RHB Chad Mendoza 0-0: Called Strike
0-1: Ball
1-1: Swinging Strike
1-2: Strikes out swinging
Batting: RHB D.J. Cooke 0-0: Called Strike
0-1: Swinging Strike
0-2: Ball
1-2: Ball
2-2: Strikes out swinging
Bottom of the 6th over - 0 runs, 0 hits, 0 errors, 0 left on base; Atlanta (MID) 2 - Kane County 10
TOP OF THE 7TH
Atlanta (MID) Braves batting - Pitching for Kane County Cougars : RHP Jai-guo Xia
Batting: RHB Armando Moz 0-0: Ball
1-0: Foul Ball, location: 2F
1-1: Ball
2-1: Fly out, F6 (Line Drive, 6, EV 68.8 MPH)
Batting: RHB Gerard Michel 0-0: Fly out, F7 (Line Drive, 78M, EV 105.6 MPH)
Batting: RHB Phil Holman 0-0: Foul Ball, location: 2F
0-1: Swinging Strike
0-2: Ball
1-2: Strikes out swinging
Top of the 7th over - 0 runs, 0 hits, 0 errors, 0 left on base; Atlanta (MID) 2 - Kane County 10
BOTTOM OF THE 7TH
Kane County Cougars batting - Pitching for Atlanta (MID) Braves : RHP Ioakim Mozgo
Batting: RHB Dustin Legault 0-0: Ball
1-0: Foul Ball, location: 2F
1-1: Called Strike
1-2: Hit by Pitch
Pitching: RHP Dan Spahn
Batting: RHB Sergio Manzanero 0-0: Called Strike
0-1: Ball
1-1: Swinging Strike
1-2: Ball
2-2: Strikes out looking
Pinch Hitting: RHB Ernesto Zamora 0-0: Ball
1-0: Called Strike
1-1: Swinging Strike
1-2: Strikes out swinging
Pinch Hitting: LHB Tae-geun Kwang 0-0: Foul Ball, location: 2F
0-1: Ball
1-1: Ball
2-1: Ball
3-1: Called Strike
3-2: Strikes out swinging
Bottom of the 7th over - 0 runs, 0 hits, 0 errors, 1 left on base; Atlanta (MID) 2 - Kane County 10
TOP OF THE 8TH
Atlanta (MID) Braves batting - Pitching for Kane County Cougars : RHP Jai-guo Xia
Now at SS: Ernesto Zamora
Now in CF: Longfellow Wetzler
Now in RF: Tae-geun Kwang
Batting: LHB Malik Boulay 0-0: Ball
1-0: Foul Ball, location: 2F
1-1: Ball
2-1: Foul Ball, location: 2F
2-2: Strikes out swinging
Pinch Hitting: RHB Adonis Jenifer 0-0: Foul Ball, location: 2F
0-1: Ball
1-1: Called Strike
1-2: Strikes out swinging
Batting: RHB Nick Holsinger 0-0: Ground out 5-3 (Groundball, 56, EV 89.4 MPH)
Top of the 8th over - 0 runs, 0 hits, 0 errors, 0 left on base; Atlanta (MID) 2 - Kane County 10
BOTTOM OF THE 8TH
Kane County Cougars batting - Pitching for Atlanta (MID) Braves : RHP Dan Spahn
Now in CF: Richello Badua
Now in RF: Adonis Jenifer
Batting: RHB Francisco Gutierrez 0-0: Foul Ball, location: 2F
0-1: Ball
1-1: Ball
2-1: Foul Ball, location: 2F
2-2: Ball
3-2: Strikes out swinging
Batting: SHB Blaine Peters 0-0: Foul Ball, location: 2F
0-1: Foul Ball, location: 2F
0-2: Foul Ball, location: 2F
0-2: Foul Ball, location: 2F
0-2: Ball
1-2: Ball
2-2: Strikes out looking
Batting: RHB Longfellow Wetzler 0-0: Called Strike
0-1: Swinging Strike
0-2: Ball
1-2: Ball
2-2: Ball
3-2: Strikes out swinging
Bottom of the 8th over - 0 runs, 0 hits, 0 errors, 0 left on base; Atlanta (MID) 2 - Kane County 10
TOP OF THE 9TH
Atlanta (MID) Braves batting - Pitching for Kane County Cougars : RHP Jai-guo Xia
Pitching: RHP Vinny Segura
Batting: SHB Richello Badua 0-0: Ball
1-0: Called Strike
1-1: Ball
2-1: Ball
3-1: Base on Balls
Batting: LHB Oke Monti 0-0: Ball
1-0: Foul Ball, location: 2F
1-1: Ball
2-1: Grounds into double play, 4-6-3 (Groundball, 4, EV 88.1 MPH)
Batting: LHB Ryan Murdock 0-0: Ground out 4-3 (Groundball, 4, EV 83.8 MPH)
Top of the 9th over - 0 runs, 0 hits, 0 errors, 0 left on base; Atlanta (MID) 2 - Kane County 10
Tuesday, March 28th , 2023 - OOTP Baseball 23.10 Build 110